 Dungeon Crawl Stone Soup version 0.31.0-9-g3a7656b989 (webtiles) character file.

Game seed: 1809345548126329250

93 qw the Shooter (level 4, 0/22 HPs)
             Began as a Spriggan Hunter on Feb 2, 2024.
             Succumbed to Ijyb's poison
             ... on level 3 of the Dungeon.
             The game lasted 00:00:07 (1431 turns).

qw the Shooter (Spriggan Hunter)                    Turns: 1431, Time: 00:00:07

Health: 0/22       AC:  2    Str:  7    XL:     4   Next: 36%
Magic:  5/5        EV: 20    Int: 10    God:
Gold:   201        SH:  0    Dex: 20    Spells: 3/3 levels left

rFire   . . .        a - +0 shortbow
rCold   . . .        (shield currently unavailable)
rNeg    . . .        c - +0 robe
rPois   .            (helmet restricted)
rElec   .            (no cloak)
rCorr   .            (gloves unavailable)
SInv    +            (boots unavailable)
Will    .....        (no amulet)
Stlth   ++           (no ring)
HPRegen 0.23/turn    (no ring)
MPRegen 0.09/turn

%: no passive effects
@: lethally poisoned (0 -> -7), hasted, very quick
A: very small, no large weapons, unfitting armour, see invisible, speed 3
a: no special abilities


You were on level 3 of the Dungeon.
You visited 1 branch of the dungeon, and saw 3 of its levels.

You collected 201 gold pieces.


Innate Abilities, Weirdness & Mutations

You are very small and have problems with some larger weapons.
You are too small for most types of armour.
You have supernaturally acute eyesight. (SInv)
You cover ground extremely quickly. (Speed+++)


   Skills:
 - Level 1.5 Fighting
 - Level 5.0 Ranged Weapons
 + Level 4.8 Dodging
 - Level 1.5 Stealth


You had 3 spell levels left.
You didn't know any spells.
Your spell library was empty.

Inventory:

Hand Weapons
 a - a +0 shortbow (weapon)
Armour
 c - a +0 robe (worn)
Scrolls
 d - a scroll of vulnerability {unknown}
Potions
 b - a potion of curing
 h - a potion of invisibility {unknown}

Dungeon Overview and Level Annotations

Branches:
Dungeon (3/15)

Altars:
Ashenzari

Shops:
D:3 (

Annotations:
D:3 Ijyb, Robin


Message History

A kobold comes into view. It is wielding a +0 dagger.
Robin throws the goblin at you!
You shoot an arrow. The arrow barely misses the goblin.
The kobold shouts!
The goblin completely misses you.
You shoot an arrow. The arrow hits the goblin.
You kill the goblin!
The goblin barely misses you.
You shoot an arrow. The arrow hits the goblin.
The goblin is severely wounded.
The goblin closely misses you.
You shoot an arrow. The arrow hits the goblin!
You kill the goblin!
Robin throws Ijyb at you!
You shoot an arrow. The arrow hits Ijyb but does no damage.
Ijyb closely misses you.
Robin roars a battlecry!
Ijyb goes into a battle-frenzy!
The rat misses you. Ijyb completely misses you.
You hear a shout!
1426 ||| DRINKING potion of haste.
You feel yourself speed up. Ijyb completely misses you. The rat misses you.
Robin says, "Kneel, worm!"
You shoot an arrow. The arrow hits Ijyb.
Ijyb is lightly wounded.
You shoot an arrow. The arrow barely misses Ijyb.
Ijyb hits you with a +3 dagger of venom!
You are poisoned.
The rat completely misses you.
Robin's bangles clink loudly.
You shoot an arrow. The arrow hits Ijyb but does no damage.
Ijyb is lightly wounded.
You feel sick.
Ijyb hits you with a +3 dagger of venom!
The rat misses you.
You shoot an arrow. The arrow barely misses Ijyb.
You feel sick.
You shoot an arrow. The arrow hits Ijyb.
Ijyb is moderately wounded.
You die...

#.}#......########.#
####.#....#.........
#..............###
#...#######.#....#
#.#)#...###.#....#
..#.....+........#
###)....###.#.#..#
..#.....# #.#.#..#
.<(.....# #.#.#.@#
.....####
#.#.#g)rg.....
.....# #.#..#g.....
....## #.####......
...\# #%. #....
##### .... ... #.


You could see Ijyb (strong), Robin, a hobgoblin (strong) and a rat.

Vanquished Creatures
  An adder (D:2)
  A dart slug (D:1)
  2 ribbon worms (D:2)
  5 orcs (D:3)
  3 endoplasms
  A giant cockroach (D:1)
  8 goblins
  2 hobgoblins
  10 jackals
  11 kobolds
  4 quokkas
  4 ball pythons
  6 bats
  4 frilled lizards (D:1)
  4 rats (D:2)
66 creatures vanquished.

Notes
Turn   | Place    | Note
-------+----------+-------------------------------------------
     0 | D:1      | qw the Spriggan Hunter began the quest for the Orb.
     0 | D:1      | Reached XP level 1. HP: 10/10 MP: 2/2
     0 | D:1      | 0 ||| qw: Version: 0.3-a-155-g5e7d8dd
     0 | D:1      | 0 ||| qw: Game counter: 972
     0 | D:1      | 0 ||| qw: Melee chars always use a shield: true
     0 | D:1      | 0 ||| qw: God list: Okawaru
     0 | D:1      | 0 ||| qw: Allow faded altars: false
     0 | D:1      | 0 ||| qw: Do Orc after clearing Dungeon:15 true
     0 | D:1      | 0 ||| qw: Do second Lair branch before Depths: true
     0 | D:1      | 0 ||| qw: Lair rune preference: random
     0 | D:1      | 0 ||| qw: Goals: Normal
     0 | D:1      | 0 ||| PLANNING D:1-11
    29 | D:1      | Reached skill level 3 in Dodging
   160 | D:1      | Reached XP level 2. HP: 11/14 MP: 3/3
   236 | D:1      | Found a faded altar of an unknown god.
   426 | D:1      | Reached XP level 3. HP: 18/18 MP: 4/4
   703 | D:1      | 703 ||| READING scroll labelled QOUGER YJAT.
   708 | D:1      | 708 ||| READING 2 scrolls labelled OHIKUN BEBUI.
   709 | D:1      | 709 ||| READING scroll labelled FUELIR LOSK.
   710 | D:1      | 710 ||| DROPPING scroll of butterflies.
   711 | D:1      | 711 ||| DROPPING scroll of amnesia.
   835 | D:2      | Reached skill level 5 in Ranged Weapons
  1004 | D:2      | Reached XP level 4. HP: 22/22 MP: 5/5
  1145 | D:2      | 1145 ||| READING scroll labelled KAWNAMP PYKKU.
  1146 | D:2      | 1146 ||| READING 2 scrolls labelled FUM POYJINK.
  1146 | D:2      | 1146 ||| IDENTIFYING blue potion
  1147 | D:2      | 1147 ||| READING scroll of identify.
  1147 | D:2      | 1147 ||| IDENTIFYING puce potion
  1148 | D:2      | 1148 ||| READING scroll labelled FINOT SOCUCW.
  1226 | D:3      | Found Ecuoh's Weapon Emporium.
  1232 | D:3      | 1232 ||| STAIRDANCE
  1279 | D:3      | 1279 ||| STAIRDANCE
  1355 | D:3      | Found a broken altar of Ashenzari.
  1418 | D:3      | Noticed Ijyb
  1418 | D:3      | Noticed Robin
  1426 | D:3      | 1426 ||| DRINKING potion of haste.
  1429 | D:3      | HP: 3/22 [Ijyb/+3 dagger of venom (9)]
  1430 | D:3      | HP: 1/22 [poisoned by Ijyb]
  1431 | D:3      | Succumbed to Ijyb's poison

Levels and vault maps discovered:
D:1:      minmay_arrival_semitransparent, layout_loops_cross,
          shapermc_ecumenical_altar_totnotflames
D:2:      layout_rooms, fountainhead, minmay_pentomino_o4
D:3:      minmay_razor_zed, layout_basic, yredelemnul_altar_generic,
          evilmike_ruin_ashenzari, serial_shops, shop, shop, shop,
          nicolae_goblin_pals, uniq_sigmund

Skill      XL: |  1  2  3 |
---------------+----------+-----
Dodging        | 3 4 |  4.8
Ranged Weapons | 5 |  5.0
Fighting       | |  1.5
Stealth        | |  1.5

Action                     |  1- 3 |  4- 6 || total
---------------------------+-------+-------++-------
   Fire: Shortbow          |   119 |    50 ||   169
    Use: Scroll            |     3 |     4 ||     7
         Potion            |       |     1 ||     1
 Armour: Robe              |    17 |     9 ||    26
  Dodge: Dodged            |    42 |    33 ||    75

Table legend:
 A = Non-vault XP
 B = Vault XP
 C = Vault XP percentage of total XP
 D = Non-vault monster count
 E = Vault monster count
 F = Vault count percentage of total count
                 A         B        C        D         E       F
            +---------+---------+-------+---------+---------+-------
      Total |     108 |      25 |  18.8 |      59 |       7 |  10.6
            +---------+---------+-------+---------+---------+-------
        D:1 |      43 |       0 |   0.0 |      26 |       0 |   0.0
        D:2 |      41 |      21 |  33.9 |      23 |       4 |  14.8
        D:3 |      24 |       4 |  14.3 |      10 |       3 |  23.1
            +---------+---------+-------+---------+---------+-------
